 Dungeon Crawl Stone Soup version 0.29-a0-294-g83ea962da3 (webtiles) character file.

Game seed: 6476272375052057328

430 kae the Firebug (level 6, -1/32 HPs)
             Began as a Tengu Fire Elementalist on Mar 18, 2022.
             Slain by an orc priest
             ... wielding a +0 flail
              (10 damage)
             ... on level 4 of the Dungeon.
             The game lasted 00:04:43 (6561 turns).

kae the Firebug (Tengu Fire Elementalist)           Turns: 6561, Time: 00:04:44

Health: -1/32      AC:  3    Str:  9    XL:     6   Next: 99%
Magic:  8/12       EV: 14    Int: 17    God:
Gold:   111        SH:  0    Dex: 14    Spells: 6/12 levels left

rFire   . . .      SeeInvis .   (no weapon)
rCold   . . .      Faith    .   (no shield)
rNeg    . . .      Spirit   .   a - +1 robe
rPois   .          Reflect  .   (helmet restricted)
rElec   .          Harm     .   (no cloak)
rCorr   .          Rampage  .   (no gloves)
Will    .....                   (boots unavailable)
Stlth   ++........              (no amulet)
HPRegen 0.10/turn               (no ring)
MPRegen 0.13/turn               (no ring)

@: flying quickly and evasively, quick
A: beak, talons 3, nimble flight
a: no special abilities


You were on level 4 of the Dungeon.
You visited 1 branch of the dungeon, and saw 4 of its levels.

You collected 111 gold pieces.

Inventory:

Armour
 a - a +1 robe (worn)
Wands
 j - a wand of acid (5)
Scrolls
 c - a scroll of identify
 d - 2 scrolls of enchant weapon
 f - 2 scrolls of vulnerability
Potions
 b - a potion of magic
 e - a potion of ambrosia
 h - 2 potions of heal wounds {unknown}


   Skills:
 - Level 2.1 Dodging
 - Level 2.0 Stealth
 + Level 3.6 Spellcasting
 + Level 4.6 Conjurations
 * Level 6.3 Fire Magic


You had 6 spell levels left.
You knew the following spells:

 Your Spells              Type           Power      Damage    Failure   Level
a - Foxfire               Conj/Fire      84%        2x1d8     1%          1
b - Scorch                Fire           48%        2d7       1%          2
c - Conjure Flame         Conj/Fire      21%        6-21      5%          3

Your spell library contained the following spells:

 Spells                   Type           Power      Damage    Failure   Level
 Inner Flame              Hex/Fire       13%        N/A       13%         3
 Flame Wave               Conj/Fire      21%        2d7       17%         4
 Blink                    Tloc           6%         N/A       26%         2
 Manifold Assault         Tloc           3%         N/A       99%         5
 Storm Form               Tmut/Air       1%         N/A       100%        7


Dungeon Overview and Level Annotations

Branches:
Dungeon (4/15)
 Temple: D:4-7

Altars:
Hepliaklqana

Shops:
D:4 =

Annotations:
D:2 Sigmund


Innate Abilities, Weirdness & Mutations

You have a beak for a mouth.
You have claws for feet.
Your magical nature lets you fly swiftly and evasively.


Message History

The foxfire hits the iguana but does no damage.
The iguana is almost dead.
The foxfire hits the iguana.
You kill the iguana!
You reach down and open the door.
Found Efimpium's Jewellery Shop.
There is an open door here.
There is an entrance to Efimpium's Jewellery Shop here.
Unknown command.
You reach down and open the door.
You reach down and open the door.
There is an open door here.
An orc comes into view.
It is wielding a +0 dagger and quivering boomerangs of dispersal.
There is an open door here.
There is an entrance to Efimpium's Jewellery Shop here.
Casting: Foxfire (safe; 1% risk of failure)
Confirm with . or Enter, or press ? or * to list all spells.
You conjure some foxfire!
The foxfire hits the orc!
You kill the orc!
Casting: Foxfire (safe; 1% risk of failure)
Confirm with . or Enter, or press ? or * to list all spells.
You conjure some foxfire!
Your foxfire dissipates!
Your foxfire dissipates! x2
You reach down and open the door.
There is an open door here.
The orc wizard shouts!
You hear a shout!
The orc wizard closely misses you.
Casting: Foxfire (safe; 1% risk of failure)
Confirm with . or Enter, or press ? or * to list all spells.
Flames lash the orc wizard.
The orc wizard is almost dead.
The orc wizard's fire resistance burns away.
The orc wizard casts a spell at you. The puff of flame hits you.
* * * LOW HITPOINT WARNING * * *
An endoplasm comes into view.
The orc priest hits you with a +0 flail!
You die...

....
#..................
##.....
###..#...........##....
#.....
#.....................
..#..#....†............
#.....................
#...#..###'###......#.
.....##.#.....#........
#... ###.....#o.......
##.. #.'..∩..'@o......
.. ###.....###......
#.....# ..... ###)###
.... #..# ... #.## ..
.........# J
##.##.#.... ...##.....


You could see an orc priest, an orc wizard (combustible) and an endoplasm.

Vanquished Creatures
  A scorpion (D:3)
  An orc priest (D:3)
  4 jellies
  Terence (D:2)
  An iguana (D:4)
  An orc wizard (D:2)
  An adder (D:3)
  4 gnolls
  A worm (D:2)
  A dart slug (D:1)
  12 orcs
  7 ball pythons
  15 endoplasms
  A giant cockroach (D:1)
  3 goblins
  3 hobgoblins
  2 quokkas
  9 bats
  4 frilled lizards
  12 kobolds
  6 rats
90 creatures vanquished.

Vanquished Creatures (others)
  295 foxfires
  9 fungi (D:2)
  6 toadstools (D:2)
310 creatures vanquished.

Grand Total: 400 creatures vanquished

Notes
Turn   | Place    | Note
-------+----------+-------------------------------------------
     0 | D:1      | kae the Tengu Fire Elementalist began the quest for the
                  | Orb.
     0 | D:1      | Reached XP level 1. HP: 10/10 MP: 4/4
   298 | D:1      | Reached XP level 2. HP: 15/15 MP: 3/6
   927 | D:1      | Reached skill level 4 in Fire Magic
   927 | D:1      | Reached XP level 3. HP: 19/19 MP: 4/7
  1012 | D:1      | Found a faded altar of an unknown god.
  1681 | D:2      | Noticed Terence
  1695 | D:2      | Killed Terence
  1777 | D:2      | Noticed Sigmund
  1819 | D:2      | Reached XP level 4. HP: 10/24 MP: 2/8
  2125 | D:2      | Learned a level 2 spell: Scorch
  2129 | D:2      | Learned a level 3 spell: Conjure Flame
  2425 | D:2      | Found a hazy altar of Hepliaklqana.
  2786 | D:2      | Reached skill level 5 in Fire Magic
  2786 | D:2      | Gained mutation: Your magical nature lets you fly swiftly
                  | and evasively. [Tengu growth]
  2786 | D:2      | Reached XP level 5. HP: 28/28 MP: 6/10
  5012 | D:3      | Reached XP level 6. HP: 18/32 MP: 6/11
  6287 | D:3      | Reached skill level 6 in Fire Magic
  6530 | D:4      | Found Efimpium's Jewellery Shop.
  6561 | D:4      | Slain by an orc priest

Illustrated notes

Levels and vault maps discovered:
D:1:      minmay_arrival_plants_in_alcoves, layout_basic,
          shapermc_ecumenical_altar_pompeii
D:2:      cheibrodos_fertilizer, layout_rooms, serial_glass, glass_columns_b,
          glass_columns_c, basic_altar, nrook_mini_backslash, uniq_terence,
          uniq_sigmund
D:3:      layout_basic, minmay_misc_feat_four_crosses
D:4:      layout_cave_pools, gup_sewer_entry_pipe, serial_shops,
          kennysheep_little_box, hangedman_glass_teeth, guppyfry_early_orc_mine

Skill      XL: |  1  2  3  4  5  6 |
---------------+-------------------+-----
Conjurations   | 2 3 4 |  4.6
Fire Magic     | 4 5 6 |  6.3
Spellcasting   | 3 |  3.6
Dodging        | |  2.1
Stealth        | |  2.0

Action                   |  1- 3 |  4- 6 || total
-------------------------+-------+-------++-------
Melee: Unarmed           |     2 |    14 ||    16
       Peck              |     1 |     4 ||     5
       Kick              |       |     4 ||     4
 Cast: Foxfire           |    86 |    92 ||   178
       Scorch            |       |    33 ||    33
  Use: Scroll            |     5 |     5 ||    10
Armor: Robe              |     7 |    10 ||    17
Dodge: Dodged            |    18 |    47 ||    65

Table legend: (Time is in decaauts)
 A = Elapsed time spent in this place.
 B = Non-inter-level travel time spent in this place.
 C = Inter-level travel time spent in this place.
 D = Time resting spent in this place.
 E = Time spent auto-exploring this place.
 F = Levels seen in this place.
 G = Mean time per level.
                   A        B        C        D        E       F      G
               +--------+--------+--------+--------+--------+-----+--------+
         Total |   6357 |   6028 |    329 |    819 |   4424 |   4 | 1589.2 |
       Dungeon |   6357 |   6028 |    329 |    819 |   4424 |   4 | 1589.2 |
               +--------+--------+--------+--------+--------+-----+--------+

Top non-repeatable levels by time:
     D:3: 2414 daAuts
     D:2: 2228 daAuts
     D:1: 1571 daAuts
     D:4: 143 daAuts
